 Dungeon Crawl Stone Soup version 0.23-a0-839-g6d2b917 (console) character file.

2102 Voker57 the Carver (level 9, -14/69 HPs)
             Began as a Demonspawn Gladiator on Jan 18, 2019.
             Demolished by Harold
             ... wielding a +0 dire flail
              (27 damage)
             ... on level 7 of the Dungeon on Jan 25, 2019.
             The game lasted 00:12:28 (7744 turns).

Voker57 the Carver (Demonspawn Gladiator)           Turns: 7744, Time: 00:12:29

Health: -14/69     AC:  6    Str: 15    XL:     9   Next: 7%
Magic:  9/9        EV: 15    Int:  7    God:
Gold:   262        SH:  0    Dex: 20    Spells: 8/8 levels left

rFire    + + +     SeeInvis .   F - +4 long sword
rCold    . . .     Gourm    .   (no shield)
rNeg     . . .     Faith    .   w - +2 robe of Peek-a-Boo {rF++}
rPois    .         Spirit   .   c - +1 helmet
rElec    .         Reflect  .   (no cloak)
rCorr    .         Harm     .   (no gloves)
MR       .....                  (no boots)
Stlth    ++........             (no amulet)
HPRegen  0.21/turn              (no ring)
MPRegen  0.11/turn              (no ring)

@: heavily drained
A: hooves 1, thin skeletal structure 1, demonic guardian 1, dopey 1, fire
resistance 1, wild magic 1
a: no special abilities


You were on level 7 of the Dungeon.
You were not hungry.

You visited 1 branch of the dungeon, and saw 7 of its levels.

You collected 262 gold pieces.

Inventory:

Hand Weapons
 a - a +0 long sword
 F - a +4 long sword (weapon)
Missiles
 d - a throwing net (quivered)
 p - 7 javelins
Armour
 b - a +0 leather armour
 c - a +1 helmet (worn)
 w - the +2 robe of Peek-a-Boo (worn) {rF++}
   (You found it on level 5 of the Dungeon)

   It greatly protects you from fire.
Jewellery
 h - a cursed ring of attention
 z - an uncursed amulet of guardian spirit {unknown}
Wands
 o - a wand of random effects (10)
 v - a wand of polymorph (7)
 x - a wand of digging (4)
 E - a wand of paralysis (7)
Scrolls
 g - 5 scrolls of remove curse
 i - a scroll of fog
 j - a scroll of fear
 l - 2 scrolls of identify
 m - 2 scrolls of teleportation
 n - 4 scrolls of amnesia
 r - 3 scrolls of enchant armour
 s - 3 scrolls of blinking
Potions
 e - a potion of flight {unknown}
 q - a potion of cancellation
 t - a potion of might {unknown}
 u - a potion of ambrosia {unknown}
 A - a potion of brilliance
 B - a potion of degeneration {unknown}
 D - a potion of agility
Comestibles
 f - 11 rations


   Skills:
 + Level 6.2(4.7) Fighting
 * Level 8.3(6.7) Long Blades
 - Level 1.7(0.4) Throwing
 + Level 6.1(4.6) Dodging


You had 8 spell levels left.
You didn't know any spells.
Your spell library was empty.

Dungeon Overview and Level Annotations

Branches:
Dungeon (7/15)             Temple (0/1) D:7

Altars:
Ashenzari
Elyvilon
Kikubaaqudgha
Okawaru
Qazlal
Ru
Yredelemnul

Annotations:
D:7 Harold


Innate Abilities, Weirdness & Mutations

You have large cloven feet.
You have a somewhat thin skeletal structure. (Dex +2, Stealth)
A weak demonic guardian rushes to your aid.
Your flesh is heat resistant. (rF+)
You are dopey. (Int -2)
Your spells are a little harder to cast, but a little more powerful.


Message History

Your quasit claws Harold but does no damage. x2
Your quasit completely misses Harold.
Your quasit claws Harold but does no damage.
Your quasit barely misses Harold.
Harold throws a throwing net.
The throwing net hits you.
You become entangled in the net!
You see here a throwing net.
You tear a large gash into the net.
Your quasit bites Harold but does no damage.
Your quasit barely misses Harold.
Your quasit claws Harold.
You struggle against the net.
Your quasit bites Harold.
Your quasit claws Harold but does no damage. x2
Harold hits you with a +0 dire flail!
* * * LOW HITPOINT WARNING * * *
Your quasit bites Harold but does no damage.
Your quasit claws Harold but does no damage.
Your quasit barely misses Harold.
You rip the net and break free!
Your quasit barely misses Harold.
Your quasit claws Harold but does no damage.
Your quasit claws Harold.
Harold hits you with a +0 dire flail!!
You die...

...........#..##..##,,.,,,*
..........>#...#....,,,,,,*
...........#...#...,,,,,,,*
...........#..##..#*,,,,,,*
##'#.......#..##..#*,,,,,,*
...#.......#..##..#,,,,,,,*
...+.......#..##..#,,,,,,,*
...#.......#...5..#,,,,,,,*
...#.......+....@.#,,,<,,,*
...+.......#....@.#,,,,,,,*
...#.......#..##..#*,,,,,,*
+###,,,,,,,#..##..#*,,,,,,*
,,,,,,,,,,,#...#..#,,,,,,,*
,,,,,,,,,,,#..##..#,,,,,,,*
,,,,,,,,,,,#..##..#,,,,,,,*
,,,,,,,,,,,+,,*#..#*,,,,,,*
,,,,,,,,,,,*,,*#..#*,,,,,,*
,,,,,,,,,,,*,,,,,,,*,,,,,,*
,,,,********,,,,,,,*,,,,,,*


You could see Harold and a friendly quasit.

Vanquished Creatures
  Grinder (D:3)
  A sky beast (D:5)
  2 black bears (D:6)
  A phantom (D:5)
  An ogre (D:7)
  A centaur (D:5)
  2 bullfrogs (D:6)
  2 scorpions
  3 wights
  3 electric eels (D:6)
  2 crimson imps
  A jelly (D:5)
  A centaur zombie (D:6)
  3 orc priests
  2 hounds
  An iguana (D:4)
  Terence (D:2)
  2 orc wizards
  2 worker ants
  A killer bee zombie (D:5)
  A hound zombie (D:6)
  A hound skeleton (D:6)
  Robin (D:2)
  7 adders
  A shadow imp (D:6)
  3 worms
  6 dart slugs
  5 leopard geckos
  18 orcs
  7 giant cockroaches
  13 goblins
  5 hobgoblins
  8 jackals
  4 quokkas
  3 ball pythons
  12 bats
  4 frilled lizards
  A jackal skeleton (D:7)
  7 kobolds
  A leopard gecko skeleton (D:4)
  A quokka zombie (D:5)
  3 rats
145 creatures vanquished.

Vanquished Creatures (collateral kills)
  A phantom (D:5)
  An ogre (D:7)
  A centaur (D:6)
  A wight (D:7)
  An electric eel (D:6)
  An orc priest (D:4)
  An orc (D:6)
7 creatures vanquished.

Grand Total: 152 creatures vanquished

Notes
Turn   | Place    | Note
-------+----------+-------------------------------------------
     0 | D:1      | Voker57 the Demonspawn Gladiator began the quest for the
                  | Orb.
     0 | D:1      | Reached XP level 1. HP: 16/16 MP: 1/1
   206 | D:1      | Reached skill level 3 in Long Blades
   206 | D:1      | Gained mutation: You have a somewhat thin skeletal
                  | structure. (Dex +2, Stealth) [demonic ancestry]
   206 | D:1      | Reached XP level 2. HP: 13/22 MP: 2/2
   879 | D:2      | Reached XP level 3. HP: 21/28 MP: 3/3
  1021 | D:2      | Noticed Robin
  1099 | D:2      | Found an iron altar of Okawaru.
  1122 | D:2      | Noticed Terence
  1132 | D:2      | Killed Terence
  1132 | D:2      | Gained mutation: You have large cloven feet. [demonic
                  | ancestry]
  1132 | D:2      | Reached XP level 4. HP: 17/34 MP: 4/4
  1283 | D:2      | Found a sacrificial altar of Ru.
  1300 | D:2      | Killed Robin
  1305 | D:2      | Reached skill level 4 in Long Blades
  1465 | D:2      | Gained mutation: Your flesh is heat resistant. (rF+)
                  | [demonic ancestry]
  1465 | D:2      | Reached XP level 5. HP: 37/41 MP: 5/5
  1636 | D:3      | Noticed Grinder
  1650 | D:3      | Paralysed by Grinder for 7 turns
  1668 | D:3      | Gained mutation: You are dopey. (Int -2) [potion of
                  | mutation]
  1668 | D:3      | Gained mutation: Your spells are a little harder to cast,
                  | but a little more powerful. [potion of mutation]
  1671 | D:3      | Killed Grinder
  1671 | D:3      | Reached skill level 5 in Long Blades
  1671 | D:3      | Reached XP level 6. HP: 15/48 MP: 6/6
  2738 | D:4      | Gained mutation: A weak demonic guardian rushes to your
                  | aid. [demonic ancestry]
  2738 | D:4      | Reached XP level 7. HP: 46/54 MP: 7/7
  3788 | D:5      | Entered Level 5 of the Dungeon
  3817 | D:5      | Reached skill level 6 in Long Blades
  3823 | D:5      | Got a slimy robe
  3834 | D:5      | Identified the +2 robe of Peek-a-Boo {rF++} (You found it
                  | on level 5 of the Dungeon)
  3901 | D:5      | Found a shattered altar of Ashenzari.
  4186 | D:5      | Upgraded the game from 0.23-a0-756-g517b432 to
                  | 0.23-a0-839-g6d2b917
  4459 | D:5      | Reached skill level 5 in Dodging
  4459 | D:5      | Reached XP level 8. HP: 45/61 MP: 8/8
  4668 | D:5      | Reached skill level 5 in Fighting
  5177 | D:6      | Reached skill level 7 in Long Blades
  5291 | D:6      | Found an ancient bone altar of Kikubaaqudgha.
  5294 | D:6      | Found a stormy altar of Qazlal.
  5297 | D:6      | Found a basalt altar of Yredelemnul.
  6422 | D:6      | Found a white marble altar of Elyvilon.
  6910 | D:6      | Reached skill level 8 in Long Blades
  7307 | D:6      | Reached XP level 9. HP: 17/69 MP: 9/9
  7727 | D:7      | Noticed Harold
  7744 | D:7      | Demolished by Harold

Vault maps used:
D:1:      mrwooster_arrival_statue_3
D:2:      nicolae_overflow_hidden_temple, first_ration, hex_tiny,
          nicolae_ru_great_annihilating_truth, uniq_terence, uniq_robin
D:3:      uniq_grinder
D:4:      kennysheep_generic_room_12
D:5:      ashenzari_conservatory_becter, minmay_fractal_squares_5
D:6:      kennysheep_little_box, grunt_temple_overflow_diamond, serial_bayou,
          serial_bayou_lagoon_a, serial_bayou_pond_c, serial_bayou_lake_a,
          serial_bayou_pond_b, roderic_batcave
D:7:      minmay_temple_entry_large_hall, st_stairs_6, uniq_harold,
          uniq_menkaure

Skill      XL: |  1  2  3  4  5  6  7  8 |
---------------+-------------------------+-----
Long Blades    | 3 4 5 6 8 |  8.3
Dodging        | 3 4 5 6 |  6.1
Fighting       | 3 4 6 |  6.2
Throwing       | |  1.7

Action                   |  1- 3 |  4- 6 |  7- 9 || total
-------------------------+-------+-------+-------++-------
Melee: Long sword        |    81 |   123 |   272 ||   476
       Kick              |       |    45 |   111 ||   156
Throw: Throwing net      |       |     2 |     2 ||     4
Evoke: Wand              |       |     3 |    11 ||    14
  Use: Potion            |     2 |     6 |     2 ||    10
       Scroll            |       |       |    11 ||    11
 Stab: Sleeping          |     3 |     3 |     5 ||    11
       Paralysed         |       |     1 |       ||     1
       Confused          |       |       |     1 ||     1
       Distracted        |       |       |     4 ||     4
       Held in net/web   |       |       |     4 ||     4
  Eat: Chunk             |     1 |     5 |     6 ||    12
       Ration            |       |       |     3 ||     3
Armor: Leather armour    |    21 |    40 |    12 ||    73
       Robe              |       |       |    35 ||    35
Dodge: Dodged            |    71 |    89 |   195 ||   355
       Rpst.: Long sword |    25 |    34 |    60 ||   119

Table legend:
 A = Non-vault XP
 B = Vault XP
 C = Vault XP percentage of total XP
 D = Non-vault monster count
 E = Vault monster count
 F = Vault count percentage of total count
                 A         B        C        D         E       F
            +---------+---------+-------+---------+---------+-------
      Total |    2311 |     692 |  23.0 |     119 |      33 |  21.7
            +---------+---------+-------+---------+---------+-------
        D:1 |      24 |       0 |   0.0 |      14 |       0 |   0.0
        D:2 |      63 |     114 |  64.4 |      17 |      18 |  51.4
        D:3 |     200 |     290 |  59.2 |      22 |       1 |   4.3
        D:4 |     249 |       0 |   0.0 |      24 |       0 |   0.0
        D:5 |     465 |     213 |  31.4 |      16 |       4 |  20.0
        D:6 |     942 |      75 |   7.4 |      20 |      10 |  33.3
        D:7 |     368 |       0 |   0.0 |       6 |       0 |   0.0
            +---------+---------+-------+---------+---------+-------
